 Dungeon Crawl Stone Soup version 0.20-a0-351-gc9b4002 (webtiles) character file.

10907 PJammaz the Reanimator (level 11, -3/65 HPs)
             Began as a Demonspawn Necromancer on Dec 25, 2016.
             Was a High Priest of Hepliaklqana.
             Slain by a hippogriff (8 damage)
             ... on level 1 of the Lair of Beasts on Dec 27, 2016.
             The game lasted 02:53:42 (9384 turns).

PJammaz the Reanimator (Demonspawn Necromancer)     Turns: 9384, Time: 02:53:42

Health: -3/65      AC: 11    Str:  8    XL:     11   Next: 42%
Magic:  11/26      EV: 14    Int: 20    God:    Hepliaklqana [*****.]
Gold:   765        SH:  0    Dex: 14    Spells: 3/32 levels left

rFire  x . .     SeeInvis .     N - +4 dagger
rCold  + + +     Gourm    .     K - +1 robe {rC+}
rNeg   . . .     Faith    .     (no shield)
rPois  .         Spirit   .     (helmet restricted)
rElec  +         Reflect  .     C - +2 cloak
rCorr  .         Harm     .     n - +0 pair of gloves
MR     .....                    E - +0 pair of boots
Stlth  +++.......               (no amulet)
                                r - ring of wizardry
                                L - ring of ice

@: no status effects
A: reduced essence, antennae 1, talons 1, molten scales 2, camouflage 1, cold
resistance 1, powered by pain 2, electricity resistance, evolution 1
a: Recall Ancestor, Ancestor Identity, Transference, Idealise, Renounce Religion


You were on level 1 of the Lair of Beasts.
You worshipped Hepliaklqana.
Hepliaklqana was extremely pleased with you.
You were not hungry.

You visited 3 branches of the dungeon, and saw 12 of its levels.
You also visited: Sewer and Ossuary.

You collected 765 gold pieces.

Inventory:

Hand Weapons
 d - a +3 whip of freezing
 h - a +0 long sword of flaming
 A - a +1 vampiric short sword
 D - a +0 quarterstaff of freezing
 M - a +4 dagger
 N - a +4 dagger (weapon)
Missiles
 l - 424 stones
 s - 13 tomahawks (quivered)
Armour
 n - a +0 pair of gloves (worn)
 C - a +2 cloak (worn)
 E - a +0 pair of boots (worn)
 K - a +1 robe of cold resistance (worn)
Magical Staves
 q - an uncursed staff of fire
Jewellery
 j - an uncursed ring of flight
 r - a ring of wizardry (right hand)
 L - a ring of ice (left hand)
Wands
 y - a wand of random effects (16/48)
 O - a wand of flame (45/48)
 P - a wand of disintegration (11/24)
Scrolls
 f - 8 scrolls of identify
 i - a scroll of vulnerability {unknown}
 m - 2 scrolls of magic mapping
 p - 9 scrolls of teleportation
 w - a scroll of blinking {unknown}
 x - 6 scrolls of remove curse
 G - 2 scrolls of amnesia
 H - a scroll of recharging
 J - a scroll of fog
Potions
 a - a potion of haste
 c - 4 potions of curing
 e - 2 potions of heal wounds
 k - 2 potions of brilliance
 z - a potion of mutation
 B - a potion of berserk rage
Books
 b - a book of Necromancy

   Spells                             Type                      Level
   a - Pain                           Necromancy                   1
   b - Animate Skeleton               Necromancy                   1
   c - Vampiric Draining              Necromancy                   3
   d - Regeneration                   Charms/Necromancy            3
   e - Animate Dead                   Necromancy                   4
   f - Control Undead                 Necromancy                   4
 t - a book of Cantrips

   Spells                             Type                      Level
   a - Confusing Touch                Hexes                        1
   b - Animate Skeleton               Necromancy                   1
   c - Summon Small Mammal            Summoning                    1
   d - Apportation                    Translocation                1
 u - a book of Minor Magic

   Spells                             Type                      Level
   a - Magic Dart                     Conjuration                  1
   b - Blink                          Translocation                2
   c - Call Imp                       Summoning                    2
   d - Repel Missiles                 Charms/Air                   2
   e - Slow                           Hexes                        2
   f - Conjure Flame                  Conjuration/Fire             3
   g - Mephitic Cloud                 Conjuration/Poison/Air       3
Comestibles
 o - 2 meat rations
 v - a beef jerky
 F - 6 slices of pizza
 I - 3 bread rations


   Skills:
 + Level 2.5 Fighting
 + Level 0.6 Short Blades
   Level 0.8(2.1) Axes
 + Level 3.1(3.2) Maces & Flails
 + Level 1.8 Throwing
 + Level 4.0 Dodging
 + Level 3.6 Stealth
 + Level 11.0 Spellcasting
 + Level 2.1 Conjurations
 + Level 1.0 Charms
 + Level 1.1 Summonings
 + Level 12.3 Necromancy
 + Level 0.5 Translocations
 + Level 0.6 Fire Magic
 + Level 0.1 Air Magic
 + Level 0.6 Poison Magic
 + Level 0.6 Evocations


You had 3 spell levels left.
You knew the following spells:

 Your Spells              Type           Power        Failure   Level  Hunger
a - Pain                  Necr           ####         1%          1    None
b - Animate Dead          Necr           N/A          1%          4    ##.....
c - Vampiric Draining     Necr           ######....   1%          3    None
d - Magic Dart            Conj           ###.         1%          1    None
e - Control Undead        Necr           ######....   1%          4    ##.....
f - Regeneration          Chrm/Necr      #####.....   1%          3    None
g - Animate Skeleton      Necr           N/A          1%          1    None
h - Conjure Flame         Conj/Fire      ###.....     4%          3    None
i - Mephitic Cloud        Conj/Pois/Air  ##......     6%          3    None
j - Slow                  Hex            ##......     4%          2    None
k - Blink                 Tloc           N/A          4%          2    None
l - Call Imp              Summ           ###.....     4%          2    None


Dungeon Overview and Level Annotations

Branches:
Dungeon (10/15)            Temple (1/1) D:4            Lair (1/6) D:10
    Orc: D:9-12

Altars:
Ashenzari
Cheibriados
Dithmenos
Elyvilon
Fedhas
Gozag
Hepliaklqana
Kikubaaqudgha
Makhleb
Nemelex Xobeh
Okawaru
Qazlal
Ru
Trog
Uskayaw
Xom
Zin
The Shining One

Shops:
D:7 (   D:9 [


Innate Abilities, Weirdness & Mutations

You have a pair of small antennae on your head.
You are mostly covered in molten scales. (AC +3)
Your flesh is cold resistant. (rC+)
You sometimes gain power by taking damage.
Your life essence is reduced. (-10% HP)
You have sharp toenails.
Your skin changes colour to match your surroundings (Stealth+).
You are resistant to electric shocks. (rElec)
You evolve.


Message History

The hippogriff barely misses you. The hippogriff pecks you!
* * * LOW HITPOINT WARNING * * *
The hippogriff claws you but does no damage.
The vampire mosquito bites you.
* * * LOW HITPOINT WARNING * * *
The vampire mosquito draws strength from your injuries!
The insubstantial wisp thrums sharply.
The vampire mosquito is struck by lightning.
The lightning arcs!
The plant is struck by lightning.
The lightning grounds out.
You are struck by lightning.
You resist.
* * * LOW HITPOINT WARNING * * *
The lightning arcs!
The hippogriff is struck by lightning.
The lightning arcs!
You are struck by lightning.
You resist.
* * * LOW HITPOINT WARNING * * *
The lightning grounds out.
The plant is struck by lightning.
The lightning grounds out.
You hit the vampire mosquito.
You destroy the vampire mosquito!
The hippogriff barely misses you. The hippogriff pecks you!
You die...

#.§#####.#
##........ .
#..#.#.#. .#
#........ ...
#.#...###...
##...Z.......
#..##..P####..
##...H†v......
#....@......#
#............
#.##.##.P####
#..........
#.P##........##.#.
#.....>...........
#.###...........# #
#.##............###P
#..................


You could see a hippogriff, an insubstantial wisp and a friendly spiny frog
zombie.

Vanquished Creatures
  2 two-headed ogres
  A spiny frog (Lair:1)
  A hippogriff (D:7)
  A basilisk (Lair:1)
  A vampire mosquito (Lair:1)
  2 water moccasins (Lair:1)
  Duvessa (D:7)
  A porcupine (D:10)
  3 orc warriors (D:10)
  An ice beast (D:7)
  A black bear (D:8)
  An ogre (D:4)
  4 centaurs
  3 bullfrogs
  A scorpion (D:7)
  A killer bee (D:10)
  A wight (D:10)
  3 howler monkeys
  A quasit (D:10)
  A hound (D:5)
  2 orc priests
  5 orc wizards
  3 worker ants
  A mummy (Ossuary)
  17 gnolls
  8 adders
  2 adder skeletons
  A worm (D:2)
  2 dart slugs
  3 leopard geckos
  16 orcs
  5 giant cockroaches
  3 goblins
  7 hobgoblins
  8 jackals
  8 kobolds
  4 quokkas
  2 ball pythons
  5 bats
  A frilled lizard (D:2)
  A giant cockroach zombie (D:5)
  A gnoll zombie (Ossuary)
  A goblin skeleton (D:5)
  A hobgoblin zombie (Ossuary)
  2 jackal zombies (Ossuary)
  A kobold skeleton (D:5)
  A kobold zombie (Ossuary)
  A quokka skeleton (D:5)
  6 rats
  A plant (D:10)
150 creatures vanquished.

Vanquished Creatures (collateral kills)
  Fannar (D:10)
  3 two-headed ogres (D:9)
  2 centaur zombies (D:10)
  A spiny frog (Lair:1)
  A gargoyle (D:9)
  A troll (D:9)
  A hippogriff (D:10)
  2 wraiths (D:10)
  A wyvern (D:8)
  A human (D:8)
  A yak (D:10)
  A swamp drake (Lair:1)
  2 porcupines (D:10)
  A sky beast (D:9)
  3 ice beasts
  3 ogres
  An eye of draining (D:10)
  A hornet zombie (D:10)
  3 phantoms
  A centaur (D:10)
  3 crocodiles
  2 elf zombies (Ossuary)
  3 gnoll sergeants
  Dowan (D:7)
  A scorpion (D:7)
  A wyvern skeleton (D:6)
  2 killer bees (D:10)
  6 wights (D:10)
  The ghost of RepHenryClay the Insei, a weakling DgTm (D:3)
  2 howler monkeys
  4 crimson imps
  A hound (D:5)
  2 orc priests
  2 orc wizards
  2 centaur skeletons
  A bullfrog skeleton (D:4)
  An iguana (D:10)
  2 worker ants
  A killer bee zombie (D:6)
  A hound zombie (D:5)
  A hound skeleton (D:9)
  3 mummies (Ossuary)
  10 gnolls
  2 shadow imps
  A white imp (D:5)
  2 adder skeletons
  2 adder zombies
  A worm (D:4)
  2 leopard geckos
  6 orcs
  A bat (D:3)
  A goblin (D:3)
  7 jackals
  3 kobolds
  A goblin skeleton (D:5)
  2 goblin zombies
  3 hobgoblin zombies (D:5)
  3 kobold zombies
  A rat zombie (Ossuary)
  2 plants
124 creatures vanquished.

Vanquished Creatures (others)
  An ancestor (D:3)
  6 battlemagi
  An orc zombie (Ossuary)
8 creatures vanquished.

Grand Total: 282 creatures vanquished

Notes
Turn   | Place    | Note
-------+----------+-------------------------------------------
     0 | D:1      | PJammaz the Demonspawn Necromancer began the quest for the Orb.
     0 | D:1      | Reached XP level 1. HP: 13/13 MP: 3/3
     2 | D:1      | Learned a level 1 spell: Animate Skeleton
   211 | D:1      | Gained mutation: You sometimes gain a little power by taking damage. [demonic ancestry]
   211 | D:1      | Reached XP level 2. HP: 8/19 MP: 3/5
   565 | D:2      | Reached skill level 5 in Necromancy
   956 | D:2      | Gained mutation: You are partially covered in molten scales. (AC +2) [demonic ancestry]
   956 | D:2      | Reached XP level 3. HP: 24/24 MP: 4/6
   964 | D:2      | Learned a level 3 spell: Vampiric Draining
  1248 | D:2      | Found a faded altar of an unknown god.
  1256 | D:2      | Became a worshipper of Hepliaklqana the Forgotten
  1256 | D:2      | Reached * piety under Hepliaklqana
  1398 | D:2      | Learned a level 1 spell: Magic Dart
  1672 | D:3      | Reached XP level 4. HP: 4/27 MP: 0/8
  1863 | D:3      | Learned a level 4 spell: Animate Dead
  1965 | D:3      | Reached XP level 5. HP: 31/31 MP: 7/10
  2057 | D:3      | Found a bloodstained altar of Trog.
  2126 | D:3      | Found a blossoming altar of Fedhas.
  2129 | D:3      | Reached ** piety under Hepliaklqana
  2134 | D:3      | Noticed an ice beast
  2136 | D:3      | Remembered your ancestor Titus as a battlemage
  2152 | D:3      | Killed an ice beast
  2152 | D:3      | Reached skill level 6 in Necromancy
  2152 | D:3      | Gained mutation: You sometimes gain power by taking damage. [demonic ancestry]
  2152 | D:3      | Reached XP level 6. HP: 9/36 MP: 3/11
  2298 | D:3      | Noticed RepHenryClay's ghost (weakling DgTm)
  2304 | D:3      | Killed RepHenryClay's ghost
  2703 | D:4      | Learned a level 4 spell: Control Undead
  2849 | D:4      | Found a staircase to the Ecumenical Temple.
  2859 | Temple   | Entered the Ecumenical Temple
  3116 | D:4      | Found a glowing drain.
  3126 | Sewer    | Entered a sewer
  3188 | Sewer    | Reached XP level 7. HP: 41/42 MP: 6/13
  3460 | D:4      | Reached skill level 7 in Necromancy
  3755 | D:4      | Reached *** piety under Hepliaklqana
  3858 | D:5      | Entered Level 5 of the Dungeon
  3924 | D:5      | Found a glowing golden altar of the Shining One.
  4173 | D:5      | Reached skill level 5 in Spellcasting
  4181 | D:5      | Noticed a two-headed ogre
  4191 | D:5      | Killed a two-headed ogre
  4191 | D:5      | Reached skill level 1 in Fighting
  4191 | D:5      | Reached skill level 1 in Maces & Flails
  4191 | D:5      | Reached skill level 1 in Throwing
  4191 | D:5      | Reached skill level 8 in Necromancy
  4191 | D:5      | Gained mutation: You have a pair of small antennae on your head. [demonic ancestry]
  4191 | D:5      | Reached XP level 8. HP: 17/48 MP: 3/17
  4775 | D:6      | Reached skill level 9 in Necromancy
  4877 | D:6      | Reached **** piety under Hepliaklqana
  5408 | D:6      | Gained mutation: You are mostly covered in molten scales. (AC +3) [demonic ancestry]
  5408 | D:6      | Reached XP level 9. HP: 33/53 MP: 17/19
  5528 | D:6      | Gained mutation: Your skin changes colour to match your surroundings (Stealth+). [potion of beneficial mutation]
  5653 | D:6      | Found a white marble altar of Elyvilon.
  5653 | D:6      | Found a hide-covered altar of Uskayaw.
  5654 | D:6      | Found a shadowy altar of Dithmenos.
  5865 | D:7      | Found Woytwoenn's Antique Weapon Emporium.
  6363 | D:7      | Reached skill level 10 in Necromancy
  6442 | D:7      | Found a sand-covered staircase.
  6443 | D:7      | Noticed Duvessa
  6443 | D:7      | Noticed Dowan
  6452 | Ossuary  | Entered an ossuary
  6633 | D:7      | Killed Dowan
  6649 | D:7      | Killed Duvessa
  6649 | D:7      | Reached skill level 1 in Conjurations
  6856 | D:8      | Noticed a two-headed ogre
  6867 | D:8      | Killed a two-headed ogre
  6871 | D:8      | Reached XP level 10. HP: 32/60 MP: 12/23
  7068 | D:8      | Learned a level 3 spell: Regeneration
  7070 | D:8      | Learned a level 1 spell: Animate Skeleton
  7074 | D:8      | Learned a level 3 spell: Conjure Flame
  7078 | D:8      | Learned a level 3 spell: Mephitic Cloud
  7081 | D:8      | Learned a level 2 spell: Slow
  7084 | D:8      | Learned a level 2 spell: Blink
  7391 | D:8      | Found an ancient bone altar of Kikubaaqudgha.
  7461 | D:9      | Noticed a two-headed ogre
  7474 | D:9      | Killed a two-headed ogre
  7474 | D:9      | Reached skill level 11 in Necromancy
  7529 | D:9      | Noticed a two-headed ogre
  7538 | D:9      | Killed a two-headed ogre
  7548 | D:9      | Found a sparkling altar of Nemelex Xobeh.
  7620 | D:9      | Found Xoiwk's Armour Boutique.
  7722 | D:9      | Noticed a two-headed ogre
  7730 | D:9      | Killed a two-headed ogre
  7730 | D:9      | Reached skill level 10 in Spellcasting
  7730 | D:9      | Reached skill level 1 in Charms
  7788 | D:9      | Reached ***** piety under Hepliaklqana
  7798 | D:9      | Learned a level 2 spell: Call Imp
  7935 | D:9      | Noticed a gargoyle
  7951 | D:9      | Killed a gargoyle
  8142 | D:10     | Entered Level 10 of the Dungeon
  8197 | D:10     | Reached skill level 1 in Summonings
  8250 | D:10     | Noticed Fannar
  8265 | D:10     | Killed Fannar
  8265 | D:10     | Gained mutation: Your flesh is cold resistant. (rC+) [demonic ancestry]
  8265 | D:10     | Reached XP level 11. HP: 54/65 MP: 0/25
  8444 | D:10     | Reached skill level 12 in Necromancy
  8498 | D:10     | Gained mutation: You are resistant to electric shocks. (rElec) [potion of mutation]
  8498 | D:10     | Gained mutation: You have sharp toenails. [potion of mutation]
  8498 | D:10     | Gained mutation: You evolve. [potion of mutation]
  8656 | D:10     | Found a staircase to the Lair.
  8752 | D:10     | Found an iron altar of Okawaru.
  8803 | D:10     | HP: 3/65 [hornet zombie (10)]
  9097 | Lair:1   | Entered Level 1 of the Lair of Beasts
  9384 | Lair:1   | Slain by a hippogriff

Vault maps used:
D:1:      dpeg_arrival_more_subterranean_lakeside_camping
D:2:      serial_forest, infiniplex_forest_straight_5,
          infiniplex_forest_lined_room_2, infiniplex_forest_corner_2,
          infiniplex_forest_split, infiniplex_forest_lined_corner,
          chequers_ecumenical_altar_grove
D:3:      lemuel_round_altar, fedhas_altar_1, first_bread, st_stairs_3
D:4:      portal_sewer_entry_d, minmay_curled_crystal
D:5:      nicolae_tso_besieged_by_evil
D:6:      gammafunk_temple_overflow_forgotten, minmay_misc_feat_iff
D:7:      enter_ossuary_1, serial_shops, shop, uniq_duvessa
D:8:      marbit_many_paths, grunt_pizzeria
D:9:      nemelex_altar_shiori, serial_shops, shop
D:10:     grunt_lair_entry_orc_guard_hut, serial_glass, glass_columns_a,
          glass_columns_a, basic_altar, minmay_misc_feat_columns, uniq_fannar
Temple:   nicolae_temple_figure_eight
Lair:1:   enter_volcano_2, pond, infiniplex_staircase_pool,
          minmay_lair_oklob_chamber
Sewer:    sewer_the_crocodile
Ossuary:  ossuary_minmay_tomb_2a

Skill      XL: |  1  2  3  4  5  6  7  8  9 10 11 |
---------------+----------------------------------+-----
Stealth        | 2 3 |  3.6
Necromancy     | 5 6 8 9 10 11 12 | 12.3
Dodging        | 2 3 4 |  4.0
Spellcasting   | 3 4 6 7 9 10 11 | 11.0
Fighting       | 1 2 |  2.5
Maces & Flails | 1 2 3 |  3.1
Throwing       | 1 |  1.8
Conjurations   | 1 2 |  2.1
Charms         | 1 |  1.0
Summonings     | 1 |  1.1
Short Blades   | |  0.6
Axes           | |  0.8
Translocations | |  0.5
Fire Magic     | |  0.6
Air Magic      | |  0.1
Poison Magic   | |  0.6
Evocations     | |  0.6

Action                   |  1- 3 |  4- 6 |  7- 9 | 10-12 || total
-------------------------+-------+-------+-------+-------++-------
Melee: Hand axe          |    33 |    10 |       |       ||    43
       Whip              |       |    32 |   144 |    77 ||   253
       Dagger            |       |       |       |    54 ||    54
Throw: Stone             |     2 |    12 |    23 |       ||    37
       Tomahawk          |       |       |     6 |     3 ||     9
 Cast: Pain              |    48 |    50 |    97 |   112 ||   307
       Animate Skeleton  |     5 |     1 |       |       ||     6
       Magic Dart        |     1 |     3 |    29 |    14 ||    47
       Vampiric Draining |     1 |     2 |    17 |    12 ||    32
       Animate Dead      |       |     7 |    20 |    27 ||    54
       Control Undead    |       |     1 |     8 |     7 ||    16
       Call Imp          |       |       |       |    20 ||    20
       Mephitic Cloud    |       |       |       |     6 ||     6
       Regeneration      |       |       |       |     5 ||     5
       Conjure Flame     |       |       |       |     4 ||     4
       Blink             |       |       |       |     3 ||     3
       Slow              |       |       |       |     1 ||     1
Invok: Recall Ancestor   |     1 |     1 |     1 |     4 ||     7
       Ancestor Life: Ba |       |     1 |       |       ||     1
       Ancestor Identity |       |     1 |       |       ||     1
 Abil: Evoke Flight      |       |     1 |       |       ||     1
Evoke: Wand              |       |       |       |    10 ||    10
  Use: Scroll            |     6 |     3 |     6 |     5 ||    20
       Potion            |     1 |     4 |     7 |     9 ||    21
 Stab: Distracted        |       |       |     2 |     1 ||     3
  Eat: Chunk             |     2 |       |       |     1 ||     3
       Bread ration      |     1 |     1 |       |     1 ||     3
       Meat ration       |       |       |     1 |       ||     1
       Royal jelly       |       |       |     1 |       ||     1
       Fruit             |       |       |     4 |     5 ||     9
       Pizza             |       |       |     1 |     2 ||     3
       Beef jerky        |       |       |     1 |       ||     1
Armor: Robe              |     9 |    17 |    51 |    54 ||   131
Dodge: Dodged            |    18 |    24 |   124 |   152 ||   318
